Workbook
Name Créateur: [1]Bibliotèque!$E$3:$E$6
Name Date: [1]Bibliotèque!$B$2:$B$4
Name Désignation_: [1]Bibliotèque!$C$3:$C$12
Name Gagné: [1]Bibliotèque!$F$3:$F$5
Name tableau_postal: [1]Bibliotèque!$Q$3:$R$344
Name TVA: [1]Bibliotèque!$A$2:$A$6
Name Ville: [1]Bibliotèque!$Q$3:$Q$344

Sheet Lignes de calculs
C1: =[1]Acceuil!G11 -> 0
B2: QU | C2: Désignations | D2: _ | E2: PRIX UNIT HT | F2: MONTANT | G2: Coût unit | H2: Coût total | I2: Heures estimées
E3: =Tableau1[[#This Row],[Coût unit]]*'Coût de revient'!$P$8 -> 0 | F3: =Tableau1[[#This Row],[PRIX UNIT HT]]*Tableau1[[#This Row],[QU]] -> 0 | H3: =IF(Tableau1[[#This Row],[Coût unit]]="",Tableau1[[#This Row],[MONTANT]]/1.2,Tableau1[[#This Row],[Coût unit]]*Tableau1[[#This Row],[QU]]) -> 0
C4: Mise en chantier | E4: =Tableau1[[#This Row],[Coût unit]]*'Coût de revient'!$P$8 -> 0 | F4: =Tableau1[[#This Row],[PRIX UNIT HT]]*Tableau1[[#This Row],[QU]] -> 0 | H4: =IF(Tableau1[[#This Row],[Coût unit]]="",Tableau1[[#This Row],[MONTANT]]/1.2,Tableau1[[#This Row],[Coût unit]]*Tableau1[[#This Row],[QU]]) -> 0
C5: protection des ouvrages existant | E5: =Tableau1[[#This Row],[Coût unit]]*'Coût de revient'!$P$8 -> 0 | F5: =Tableau1[[#This Row],[PRIX UNIT HT]]*Tableau1[[#This Row],[QU]] -> 0 | H5: =IF(Tableau1[[#This Row],[Coût unit]]="",Tableau1[[#This Row],[MONTANT]]/1.2,Tableau1[[#This Row],[Coût unit]]*Tableau1[[#This Row],[QU]]) -> 0
E6: =Tableau1[[#This Row],[Coût unit]]*'Coût de revient'!$P$8 -> 0 | F6: =Tableau1[[#This Row],[PRIX UNIT HT]]*Tableau1[[#This Row],[QU]] -> 0 | H6: =IF(Tableau1[[#This Row],[Coût unit]]="",Tableau1[[#This Row],[MONTANT]]/1.2,Tableau1[[#This Row],[Coût unit]]*Tableau1[[#This Row],[QU]]) -> 0
C7: Démolition | E7: =Tableau1[[#This Row],[Coût unit]]*'Coût de revient'!$P$8 -> 0 | F7: =Tableau1[[#This Row],[PRIX UNIT HT]]*Tableau1[[#This Row],[QU]] -> 0 | H7: =IF(Tableau1[[#This Row],[Coût unit]]="",Tableau1[[#This Row],[MONTANT]]/1.2,Tableau1[[#This Row],[Coût unit]]*Tableau1[[#This Row],[QU]]) -> 0
C8: depose des appareils sanitaire existants et acheminement a la decharge pour revalorisation des dechets | E8: =Tableau1[[#This Row],[Coût unit]]*'Coût de revient'!$P$8 -> 0 | F8: =Tableau1[[#This Row],[PRIX UNIT HT]]*Tableau1[[#This Row],[QU]] -> 0 | H8: =IF(Tableau1[[#This Row],[Coût unit]]="",Tableau1[[#This Row],[MONTANT]]/1.2,Tableau1[[#This Row],[Coût unit]]*Tableau1[[#This Row],[QU]]) -> 0
E9: =Tableau1[[#This Row],[Coût unit]]*'Coût de revient'!$P$8 -> 0 | F9: =Tableau1[[#This Row],[PRIX UNIT HT]]*Tableau1[[#This Row],[QU]] -> 0 | H9: =IF(Tableau1[[#This Row],[Coût unit]]="",Tableau1[[#This Row],[MONTANT]]/1.2,Tableau1[[#This Row],[Coût unit]]*Tableau1[[#This Row],[QU]]) -> 0
C10: Plomberie | E10: =Tableau1[[#This Row],[Coût unit]]*'Coût de revient'!$P$8 -> 0 | F10: =Tableau1[[#This Row],[PRIX UNIT HT]]*Tableau1[[#This Row],[QU]] -> 0 | H10: =IF(Tableau1[[#This Row],[Coût unit]]="",Tableau1[[#This Row],[MONTANT]]/1.2,Tableau1[[#This Row],[Coût unit]]*Tableau1[[#This Row],[QU]]) -> 0
C11: refonte du reseau plomberie pour chaque appareil | E11: =Tableau1[[#This Row],[Coût unit]]*'Coût de revient'!$P$8 -> 0 | F11: =Tableau1[[#This Row],[PRIX UNIT HT]]*Tableau1[[#This Row],[QU]] -> 0 | H11: =IF(Tableau1[[#This Row],[Coût unit]]="",Tableau1[[#This Row],[MONTANT]]/1.2,Tableau1[[#This Row],[Coût unit]]*Tableau1[[#This Row],[QU]]) -> 0
E12: =Tableau1[[#This Row],[Coût unit]]*'Coût de revient'!$P$8 -> 0 | F12: =Tableau1[[#This Row],[PRIX UNIT HT]]*Tableau1[[#This Row],[QU]] -> 0 | H12: =IF(Tableau1[[#This Row],[Coût unit]]="",Tableau1[[#This Row],[MONTANT]]/1.2,Tableau1[[#This Row],[Coût unit]]*Tableau1[[#This Row],[QU]]) -> 0
C13: electricité | E13: =Tableau1[[#This Row],[Coût unit]]*'Coût de revient'!$P$8 -> 0 | F13: =Tableau1[[#This Row],[PRIX UNIT HT]]*Tableau1[[#This Row],[QU]] -> 0 | H13: =IF(Tableau1[[#This Row],[Coût unit]]="",Tableau1[[#This Row],[MONTANT]]/1.2,Tableau1[[#This Row],[Coût unit]]*Tableau1[[#This Row],[QU]]) -> 0
C14: mise en place 5 spots led dont 1 etanche | E14: =Tableau1[[#This Row],[Coût unit]]*'Coût de revient'!$P$8 -> 0 | F14: =Tableau1[[#This Row],[PRIX UNIT HT]]*Tableau1[[#This Row],[QU]] -> 0 | H14: =IF(Tableau1[[#This Row],[Coût unit]]="",Tableau1[[#This Row],[MONTANT]]/1.2,Tableau1[[#This Row],[Coût unit]]*Tableau1[[#This Row],[QU]]) -> 0
C15: mise en place de 2 interrupteurs et 4 prises | E15: =Tableau1[[#This Row],[Coût unit]]*'Coût de revient'!$P$8 -> 0 | F15: =Tableau1[[#This Row],[PRIX UNIT HT]]*Tableau1[[#This Row],[QU]] -> 0 | H15: =IF(Tableau1[[#This Row],[Coût unit]]="",Tableau1[[#This Row],[MONTANT]]/1.2,Tableau1[[#This Row],[Coût unit]]*Tableau1[[#This Row],[QU]]) -> 0
C16: raccordement d un radiateur seche serviettes mixte | E16: =Tableau1[[#This Row],[Coût unit]]*'Coût de revient'!$P$8 -> 0 | F16: =Tableau1[[#This Row],[PRIX UNIT HT]]*Tableau1[[#This Row],[QU]] -> 0 | H16: =IF(Tableau1[[#This Row],[Coût unit]]="",Tableau1[[#This Row],[MONTANT]]/1.2,Tableau1[[#This Row],[Coût unit]]*Tableau1[[#This Row],[QU]]) -> 0
E17: =Tableau1[[#This Row],[Coût unit]]*'Coût de revient'!$P$8 -> 0 | F17: =Tableau1[[#This Row],[PRIX UNIT HT]]*Tableau1[[#This Row],[QU]] -> 0 | H17: =IF(Tableau1[[#This Row],[Coût unit]]="",Tableau1[[#This Row],[MONTANT]]/1.2,Tableau1[[#This Row],[Coût unit]]*Tableau1[[#This Row],[QU]]) -> 0
C18: Menuiserie | E18: =Tableau1[[#This Row],[Coût unit]]*'Coût de revient'!$P$8 -> 0 | F18: =Tableau1[[#This Row],[PRIX UNIT HT]]*Tableau1[[#This Row],[QU]] -> 0 | H18: =IF(Tableau1[[#This Row],[Coût unit]]="",Tableau1[[#This Row],[MONTANT]]/1.2,Tableau1[[#This Row],[Coût unit]]*Tableau1[[#This Row],[QU]]) -> 0
C19: Fenêtre pvc sur mesure | E19: =Tableau1[[#This Row],[Coût unit]]*'Coût de revient'!$P$8 -> 0 | F19: =Tableau1[[#This Row],[PRIX UNIT HT]]*Tableau1[[#This Row],[QU]] -> 0 | H19: =IF(Tableau1[[#This Row],[Coût unit]]="",Tableau1[[#This Row],[MONTANT]]/1.2,Tableau1[[#This Row],[Coût unit]]*Tableau1[[#This Row],[QU]]) -> 0
E20: =Tableau1[[#This Row],[Coût unit]]*'Coût de revient'!$P$8 -> 0 | F20: =Tableau1[[#This Row],[PRIX UNIT HT]]*Tableau1[[#This Row],[QU]] -> 0 | H20: =IF(Tableau1[[#This Row],[Coût unit]]="",Tableau1[[#This Row],[MONTANT]]/1.2,Tableau1[[#This Row],[Coût unit]]*Tableau1[[#This Row],[QU]]) -> 0
C21: peinture | E21: =Tableau1[[#This Row],[Coût unit]]*'Coût de revient'!$P$8 -> 0 | F21: =Tableau1[[#This Row],[PRIX UNIT HT]]*Tableau1[[#This Row],[QU]] -> 0 | H21: =IF(Tableau1[[#This Row],[Coût unit]]="",Tableau1[[#This Row],[MONTANT]]/1.2,Tableau1[[#This Row],[Coût unit]]*Tableau1[[#This Row],[QU]]) -> 0
C22: lessivage plafond et peinture 2 couches | E22: =Tableau1[[#This Row],[Coût unit]]*'Coût de revient'!$P$8 -> 0 | F22: =Tableau1[[#This Row],[PRIX UNIT HT]]*Tableau1[[#This Row],[QU]] -> 0 | H22: =IF(Tableau1[[#This Row],[Coût unit]]="",Tableau1[[#This Row],[MONTANT]]/1.2,Tableau1[[#This Row],[Coût unit]]*Tableau1[[#This Row],[QU]]) -> 0
C23: lessivage porte et peinture 2 couche | E23: =Tableau1[[#This Row],[Coût unit]]*'Coût de revient'!$P$8 -> 0 | F23: =Tableau1[[#This Row],[PRIX UNIT HT]]*Tableau1[[#This Row],[QU]] -> 0 | H23: =IF(Tableau1[[#This Row],[Coût unit]]="",Tableau1[[#This Row],[MONTANT]]/1.2,Tableau1[[#This Row],[Coût unit]]*Tableau1[[#This Row],[QU]]) -> 0
E24: =Tableau1[[#This Row],[Coût unit]]*'Coût de revient'!$P$8 -> 0 | F24: =Tableau1[[#This Row],[PRIX UNIT HT]]*Tableau1[[#This Row],[QU]] -> 0 | H24: =IF(Tableau1[[#This Row],[Coût unit]]="",Tableau1[[#This Row],[MONTANT]]/1.2,Tableau1[[#This Row],[Coût unit]]*Tableau1[[#This Row],[QU]]) -> 0
E25: =Tableau1[[#This Row],[Coût unit]]*'Coût de revient'!$P$8 -> 0 | F25: =Tableau1[[#This Row],[PRIX UNIT HT]]*Tableau1[[#This Row],[QU]] -> 0 | H25: =IF(Tableau1[[#This Row],[Coût unit]]="",Tableau1[[#This Row],[MONTANT]]/1.2,Tableau1[[#This Row],[Coût unit]]*Tableau1[[#This Row],[QU]]) -> 0
E26: =Tableau1[[#This Row],[Coût unit]]*'Coût de revient'!$P$8 -> 0 | F26: =Tableau1[[#This Row],[PRIX UNIT HT]]*Tableau1[[#This Row],[QU]] -> 0 | H26: =IF(Tableau1[[#This Row],[Coût unit]]="",Tableau1[[#This Row],[MONTANT]]/1.2,Tableau1[[#This Row],[Coût unit]]*Tableau1[[#This Row],[QU]]) -> 0
C27: Etanchéité | E27: =Tableau1[[#This Row],[Coût unit]]*'Coût de revient'!$P$8 -> 0 | F27: =Tableau1[[#This Row],[PRIX UNIT HT]]*Tableau1[[#This Row],[QU]] -> 0 | H27: =IF(Tableau1[[#This Row],[Coût unit]]="",Tableau1[[#This Row],[MONTANT]]/1.2,Tableau1[[#This Row],[Coût unit]]*Tableau1[[#This Row],[QU]]) -> 0
C28: etancheité murale partie douche | E28: =Tableau1[[#This Row],[Coût unit]]*'Coût de revient'!$P$8 -> 0 | F28: =Tableau1[[#This Row],[PRIX UNIT HT]]*Tableau1[[#This Row],[QU]] -> 0 | H28: =IF(Tableau1[[#This Row],[Coût unit]]="",Tableau1[[#This Row],[MONTANT]]/1.2,Tableau1[[#This Row],[Coût unit]]*Tableau1[[#This Row],[QU]]) -> 0
E29: =Tableau1[[#This Row],[Coût unit]]*'Coût de revient'!$P$8 -> 0 | F29: =Tableau1[[#This Row],[PRIX UNIT HT]]*Tableau1[[#This Row],[QU]] -> 0 | H29: =IF(Tableau1[[#This Row],[Coût unit]]="",Tableau1[[#This Row],[MONTANT]]/1.2,Tableau1[[#This Row],[Coût unit]]*Tableau1[[#This Row],[QU]]) -> 0
C30: Revetement muraux | E30: =Tableau1[[#This Row],[Coût unit]]*'Coût de revient'!$P$8 -> 0 | F30: =Tableau1[[#This Row],[PRIX UNIT HT]]*Tableau1[[#This Row],[QU]] -> 0 | H30: =IF(Tableau1[[#This Row],[Coût unit]]="",Tableau1[[#This Row],[MONTANT]]/1.2,Tableau1[[#This Row],[Coût unit]]*Tableau1[[#This Row],[QU]]) -> 0
C31: m² faience 20x60 townhouse beige mat KAYLA | E31: =Tableau1[[#This Row],[Coût unit]]*'Coût de revient'!$P$8 -> 0 | F31: =Tableau1[[#This Row],[PRIX UNIT HT]]*Tableau1[[#This Row],[QU]] -> 0 | H31: =IF(Tableau1[[#This Row],[Coût unit]]="",Tableau1[[#This Row],[MONTANT]]/1.2,Tableau1[[#This Row],[Coût unit]]*Tableau1[[#This Row],[QU]]) -> 0
C32: plaque 30x30 mosaique verre +quarzite beige 2,3x2,3 | E32: =Tableau1[[#This Row],[Coût unit]]*'Coût de revient'!$P$8 -> 0 | F32: =Tableau1[[#This Row],[PRIX UNIT HT]]*Tableau1[[#This Row],[QU]] -> 0 | H32: =IF(Tableau1[[#This Row],[Coût unit]]="",Tableau1[[#This Row],[MONTANT]]/1.2,Tableau1[[#This Row],[Coût unit]]*Tableau1[[#This Row],[QU]]) -> 0
C33: colle joint beige et croisillon | E33: =Tableau1[[#This Row],[Coût unit]]*'Coût de revient'!$P$8 -> 0 | F33: =Tableau1[[#This Row],[PRIX UNIT HT]]*Tableau1[[#This Row],[QU]] -> 0 | H33: =IF(Tableau1[[#This Row],[Coût unit]]="",Tableau1[[#This Row],[MONTANT]]/1.2,Tableau1[[#This Row],[Coût unit]]*Tableau1[[#This Row],[QU]]) -> 0
C34: baguette d angle de finition alu brossé | E34: =Tableau1[[#This Row],[Coût unit]]*'Coût de revient'!$P$8 -> 0 | F34: =Tableau1[[#This Row],[PRIX UNIT HT]]*Tableau1[[#This Row],[QU]] -> 0 | H34: =IF(Tableau1[[#This Row],[Coût unit]]="",Tableau1[[#This Row],[MONTANT]]/1.2,Tableau1[[#This Row],[Coût unit]]*Tableau1[[#This Row],[QU]]) -> 0
E35: =Tableau1[[#This Row],[Coût unit]]*'Coût de revient'!$P$8 -> 0 | F35: =Tableau1[[#This Row],[PRIX UNIT HT]]*Tableau1[[#This Row],[QU]] -> 0 | H35: =IF(Tableau1[[#This Row],[Coût unit]]="",Tableau1[[#This Row],[MONTANT]]/1.2,Tableau1[[#This Row],[Coût unit]]*Tableau1[[#This Row],[QU]]) -> 0
C36: Revetement du sol | E36: =Tableau1[[#This Row],[Coût unit]]*'Coût de revient'!$P$8 -> 0 | F36: =Tableau1[[#This Row],[PRIX UNIT HT]]*Tableau1[[#This Row],[QU]] -> 0 | H36: =IF(Tableau1[[#This Row],[Coût unit]]="",Tableau1[[#This Row],[MONTANT]]/1.2,Tableau1[[#This Row],[Coût unit]]*Tableau1[[#This Row],[QU]]) -> 0
C37: carrelage imitation parquet 22,5x90cottage tiglio nat/ret | E37: =Tableau1[[#This Row],[Coût unit]]*'Coût de revient'!$P$8 -> 0 | F37: =Tableau1[[#This Row],[PRIX UNIT HT]]*Tableau1[[#This Row],[QU]] -> 0 | H37: =IF(Tableau1[[#This Row],[Coût unit]]="",Tableau1[[#This Row],[MONTANT]]/1.2,Tableau1[[#This Row],[Coût unit]]*Tableau1[[#This Row],[QU]]) -> 0
C38: colle joint beige et croisillon | E38: =Tableau1[[#This Row],[Coût unit]]*'Coût de revient'!$P$8 -> 0 | F38: =Tableau1[[#This Row],[PRIX UNIT HT]]*Tableau1[[#This Row],[QU]] -> 0 | H38: =IF(Tableau1[[#This Row],[Coût unit]]="",Tableau1[[#This Row],[MONTANT]]/1.2,Tableau1[[#This Row],[Coût unit]]*Tableau1[[#This Row],[QU]]) -> 0
C39: seuil specifique | E39: =Tableau1[[#This Row],[Coût unit]]*'Coût de revient'!$P$8 -> 0 | F39: =Tableau1[[#This Row],[PRIX UNIT HT]]*Tableau1[[#This Row],[QU]] -> 0 | H39: =IF(Tableau1[[#This Row],[Coût unit]]="",Tableau1[[#This Row],[MONTANT]]/1.2,Tableau1[[#This Row],[Coût unit]]*Tableau1[[#This Row],[QU]]) -> 0
E40: =Tableau1[[#This Row],[Coût unit]]*'Coût de revient'!$P$8 -> 0 | F40: =Tableau1[[#This Row],[PRIX UNIT HT]]*Tableau1[[#This Row],[QU]] -> 0 | H40: =IF(Tableau1[[#This Row],[Coût unit]]="",Tableau1[[#This Row],[MONTANT]]/1.2,Tableau1[[#This Row],[Coût unit]]*Tableau1[[#This Row],[QU]]) -> 0
C41: Appareillage sanitaire | E41: =Tableau1[[#This Row],[Coût unit]]*'Coût de revient'!$P$8 -> 0 | F41: =Tableau1[[#This Row],[PRIX UNIT HT]]*Tableau1[[#This Row],[QU]] -> 0 | H41: =IF(Tableau1[[#This Row],[Coût unit]]="",Tableau1[[#This Row],[MONTANT]]/1.2,Tableau1[[#This Row],[Coût unit]]*Tableau1[[#This Row],[QU]]) -> 0
C42: RECEVEUR | E42: =Tableau1[[#This Row],[Coût unit]]*'Coût de revient'!$P$8 -> 0 | F42: =Tableau1[[#This Row],[PRIX UNIT HT]]*Tableau1[[#This Row],[QU]] -> 0 | H42: =IF(Tableau1[[#This Row],[Coût unit]]="",Tableau1[[#This Row],[MONTANT]]/1.2,Tableau1[[#This Row],[Coût unit]]*Tableau1[[#This Row],[QU]]) -> 0
C43: receveur centuria stone - slate 150x94 | E43: =Tableau1[[#This Row],[Coût unit]]*'Coût de revient'!$P$8 -> 0 | F43: =Tableau1[[#This Row],[PRIX UNIT HT]]*Tableau1[[#This Row],[QU]] -> 0 | H43: =IF(Tableau1[[#This Row],[Coût unit]]="",Tableau1[[#This Row],[MONTANT]]/1.2,Tableau1[[#This Row],[Coût unit]]*Tableau1[[#This Row],[QU]]) -> 0
C44: siphon bonde siphoide | E44: =Tableau1[[#This Row],[Coût unit]]*'Coût de revient'!$P$8 -> 0 | F44: =Tableau1[[#This Row],[PRIX UNIT HT]]*Tableau1[[#This Row],[QU]] -> 0 | H44: =IF(Tableau1[[#This Row],[Coût unit]]="",Tableau1[[#This Row],[MONTANT]]/1.2,Tableau1[[#This Row],[Coût unit]]*Tableau1[[#This Row],[QU]]) -> 0
C45: plaque de raccordement | E45: =Tableau1[[#This Row],[Coût unit]]*'Coût de revient'!$P$8 -> 0 | F45: =Tableau1[[#This Row],[PRIX UNIT HT]]*Tableau1[[#This Row],[QU]] -> 0 | H45: =IF(Tableau1[[#This Row],[Coût unit]]="",Tableau1[[#This Row],[MONTANT]]/1.2,Tableau1[[#This Row],[Coût unit]]*Tableau1[[#This Row],[QU]]) -> 0
C46: colonne douche euphoria XXL Grohe | E46: =Tableau1[[#This Row],[Coût unit]]*'Coût de revient'!$P$8 -> 0 | F46: =Tableau1[[#This Row],[PRIX UNIT HT]]*Tableau1[[#This Row],[QU]] -> 0 | H46: =IF(Tableau1[[#This Row],[Coût unit]]="",Tableau1[[#This Row],[MONTANT]]/1.2,Tableau1[[#This Row],[Coût unit]]*Tableau1[[#This Row],[QU]]) -> 0
C47: pare douche 900x2000 fixe avec bequille telescopique fixée au plafond | E47: =Tableau1[[#This Row],[Coût unit]]*'Coût de revient'!$P$8 -> 0 | F47: =Tableau1[[#This Row],[PRIX UNIT HT]]*Tableau1[[#This Row],[QU]] -> 0 | H47: =IF(Tableau1[[#This Row],[Coût unit]]="",Tableau1[[#This Row],[MONTANT]]/1.2,Tableau1[[#This Row],[Coût unit]]*Tableau1[[#This Row],[QU]]) -> 0
C48: porte eponge d angle a fils amovible | E48: =Tableau1[[#This Row],[Coût unit]]*'Coût de revient'!$P$8 -> 0 | F48: =Tableau1[[#This Row],[PRIX UNIT HT]]*Tableau1[[#This Row],[QU]] -> 0 | H48: =IF(Tableau1[[#This Row],[Coût unit]]="",Tableau1[[#This Row],[MONTANT]]/1.2,Tableau1[[#This Row],[Coût unit]]*Tableau1[[#This Row],[QU]]) -> 0
C49: joint silicone | E49: =Tableau1[[#This Row],[Coût unit]]*'Coût de revient'!$P$8 -> 0 | F49: =Tableau1[[#This Row],[PRIX UNIT HT]]*Tableau1[[#This Row],[QU]] -> 0 | H49: =IF(Tableau1[[#This Row],[Coût unit]]="",Tableau1[[#This Row],[MONTANT]]/1.2,Tableau1[[#This Row],[Coût unit]]*Tableau1[[#This Row],[QU]]) -> 0
E50: =Tableau1[[#This Row],[Coût unit]]*'Coût de revient'!$P$8 -> 0 | F50: =Tableau1[[#This Row],[PRIX UNIT HT]]*Tableau1[[#This Row],[QU]] -> 0 | H50: =IF(Tableau1[[#This Row],[Coût unit]]="",Tableau1[[#This Row],[MONTANT]]/1.2,Tableau1[[#This Row],[Coût unit]]*Tableau1[[#This Row],[QU]]) -> 0
C51: VASQUE ou LAVABO | E51: =Tableau1[[#This Row],[Coût unit]]*'Coût de revient'!$P$8 -> 0 | F51: =Tableau1[[#This Row],[PRIX UNIT HT]]*Tableau1[[#This Row],[QU]] -> 0 | H51: =IF(Tableau1[[#This Row],[Coût unit]]="",Tableau1[[#This Row],[MONTANT]]/1.2,Tableau1[[#This Row],[Coût unit]]*Tableau1[[#This Row],[QU]]) -> 0
C52: double plan vasque 120x46 | E52: =Tableau1[[#This Row],[Coût unit]]*'Coût de revient'!$P$8 -> 0 | F52: =Tableau1[[#This Row],[PRIX UNIT HT]]*Tableau1[[#This Row],[QU]] -> 0 | H52: =IF(Tableau1[[#This Row],[Coût unit]]="",Tableau1[[#This Row],[MONTANT]]/1.2,Tableau1[[#This Row],[Coût unit]]*Tableau1[[#This Row],[QU]]) -> 0
C53: meuble bas avec tiroir | E53: =Tableau1[[#This Row],[Coût unit]]*'Coût de revient'!$P$8 -> 0 | F53: =Tableau1[[#This Row],[PRIX UNIT HT]]*Tableau1[[#This Row],[QU]] -> 0 | H53: =IF(Tableau1[[#This Row],[Coût unit]]="",Tableau1[[#This Row],[MONTANT]]/1.2,Tableau1[[#This Row],[Coût unit]]*Tableau1[[#This Row],[QU]]) -> 0
C54: miroir | E54: =Tableau1[[#This Row],[Coût unit]]*'Coût de revient'!$P$8 -> 0 | F54: =Tableau1[[#This Row],[PRIX UNIT HT]]*Tableau1[[#This Row],[QU]] -> 0 | H54: =IF(Tableau1[[#This Row],[Coût unit]]="",Tableau1[[#This Row],[MONTANT]]/1.2,Tableau1[[#This Row],[Coût unit]]*Tableau1[[#This Row],[QU]]) -> 0
C55: applique | E55: =Tableau1[[#This Row],[Coût unit]]*'Coût de revient'!$P$8 -> 0 | F55: =Tableau1[[#This Row],[PRIX UNIT HT]]*Tableau1[[#This Row],[QU]] -> 0 | H55: =IF(Tableau1[[#This Row],[Coût unit]]="",Tableau1[[#This Row],[MONTANT]]/1.2,Tableau1[[#This Row],[Coût unit]]*Tableau1[[#This Row],[QU]]) -> 0
C56: colonne | E56: =Tableau1[[#This Row],[Coût unit]]*'Coût de revient'!$P$8 -> 0 | F56: =Tableau1[[#This Row],[PRIX UNIT HT]]*Tableau1[[#This Row],[QU]] -> 0 | H56: =IF(Tableau1[[#This Row],[Coût unit]]="",Tableau1[[#This Row],[MONTANT]]/1.2,Tableau1[[#This Row],[Coût unit]]*Tableau1[[#This Row],[QU]]) -> 0
C57: mitigeur lavabo Hansgrohe focus | E57: =Tableau1[[#This Row],[Coût unit]]*'Coût de revient'!$P$8 -> 0 | F57: =Tableau1[[#This Row],[PRIX UNIT HT]]*Tableau1[[#This Row],[QU]] -> 0 | H57: =IF(Tableau1[[#This Row],[Coût unit]]="",Tableau1[[#This Row],[MONTANT]]/1.2,Tableau1[[#This Row],[Coût unit]]*Tableau1[[#This Row],[QU]]) -> 0
C58: siphon lavabo | E58: =Tableau1[[#This Row],[Coût unit]]*'Coût de revient'!$P$8 -> 0 | F58: =Tableau1[[#This Row],[PRIX UNIT HT]]*Tableau1[[#This Row],[QU]] -> 0 | H58: =IF(Tableau1[[#This Row],[Coût unit]]="",Tableau1[[#This Row],[MONTANT]]/1.2,Tableau1[[#This Row],[Coût unit]]*Tableau1[[#This Row],[QU]]) -> 0
C59: joint silicone | E59: =Tableau1[[#This Row],[Coût unit]]*'Coût de revient'!$P$8 -> 0 | F59: =Tableau1[[#This Row],[PRIX UNIT HT]]*Tableau1[[#This Row],[QU]] -> 0 | H59: =IF(Tableau1[[#This Row],[Coût unit]]="",Tableau1[[#This Row],[MONTANT]]/1.2,Tableau1[[#This Row],[Coût unit]]*Tableau1[[#This Row],[QU]]) -> 0
C60: fixation | E60: =Tableau1[[#This Row],[Coût unit]]*'Coût de revient'!$P$8 -> 0 | F60: =Tableau1[[#This Row],[PRIX UNIT HT]]*Tableau1[[#This Row],[QU]] -> 0 | H60: =IF(Tableau1[[#This Row],[Coût unit]]="",Tableau1[[#This Row],[MONTANT]]/1.2,Tableau1[[#This Row],[Coût unit]]*Tableau1[[#This Row],[QU]]) -> 0
E61: =Tableau1[[#This Row],[Coût unit]]*'Coût de revient'!$P$8 -> 0 | F61: =Tableau1[[#This Row],[PRIX UNIT HT]]*Tableau1[[#This Row],[QU]] -> 0 | H61: =IF(Tableau1[[#This Row],[Coût unit]]="",Tableau1[[#This Row],[MONTANT]]/1.2,Tableau1[[#This Row],[Coût unit]]*Tableau1[[#This Row],[QU]]) -> 0
C62: WC suspendu | E62: =Tableau1[[#This Row],[Coût unit]]*'Coût de revient'!$P$8 -> 0 | F62: =Tableau1[[#This Row],[PRIX UNIT HT]]*Tableau1[[#This Row],[QU]] -> 0 | H62: =IF(Tableau1[[#This Row],[Coût unit]]="",Tableau1[[#This Row],[MONTANT]]/1.2,Tableau1[[#This Row],[Coût unit]]*Tableau1[[#This Row],[QU]]) -> 0
C63: cuvette suspendue durastyle | E63: =Tableau1[[#This Row],[Coût unit]]*'Coût de revient'!$P$8 -> 0 | F63: =Tableau1[[#This Row],[PRIX UNIT HT]]*Tableau1[[#This Row],[QU]] -> 0 | H63: =IF(Tableau1[[#This Row],[Coût unit]]="",Tableau1[[#This Row],[MONTANT]]/1.2,Tableau1[[#This Row],[Coût unit]]*Tableau1[[#This Row],[QU]]) -> 0
C64: abattant double blanc PVC type volta | E64: =Tableau1[[#This Row],[Coût unit]]*'Coût de revient'!$P$8 -> 0 | F64: =Tableau1[[#This Row],[PRIX UNIT HT]]*Tableau1[[#This Row],[QU]] -> 0 | H64: =IF(Tableau1[[#This Row],[Coût unit]]="",Tableau1[[#This Row],[MONTANT]]/1.2,Tableau1[[#This Row],[Coût unit]]*Tableau1[[#This Row],[QU]]) -> 0
C65: bati support avec reservoir encastre geberit | E65: =Tableau1[[#This Row],[Coût unit]]*'Coût de revient'!$P$8 -> 0 | F65: =Tableau1[[#This Row],[PRIX UNIT HT]]*Tableau1[[#This Row],[QU]] -> 0 | H65: =IF(Tableau1[[#This Row],[Coût unit]]="",Tableau1[[#This Row],[MONTANT]]/1.2,Tableau1[[#This Row],[Coût unit]]*Tableau1[[#This Row],[QU]]) -> 0
C66: plaque de nanoeuvre sigma chromée | E66: =Tableau1[[#This Row],[Coût unit]]*'Coût de revient'!$P$8 -> 0 | F66: =Tableau1[[#This Row],[PRIX UNIT HT]]*Tableau1[[#This Row],[QU]] -> 0 | H66: =IF(Tableau1[[#This Row],[Coût unit]]="",Tableau1[[#This Row],[MONTANT]]/1.2,Tableau1[[#This Row],[Coût unit]]*Tableau1[[#This Row],[QU]]) -> 0
C67: fixation bati au sol | E67: =Tableau1[[#This Row],[Coût unit]]*'Coût de revient'!$P$8 -> 0 | F67: =Tableau1[[#This Row],[PRIX UNIT HT]]*Tableau1[[#This Row],[QU]] -> 0 | H67: =IF(Tableau1[[#This Row],[Coût unit]]="",Tableau1[[#This Row],[MONTANT]]/1.2,Tableau1[[#This Row],[Coût unit]]*Tableau1[[#This Row],[QU]]) -> 0
E68: =Tableau1[[#This Row],[Coût unit]]*'Coût de revient'!$P$8 -> 0 | F68: =Tableau1[[#This Row],[PRIX UNIT HT]]*Tableau1[[#This Row],[QU]] -> 0 | H68: =IF(Tableau1[[#This Row],[Coût unit]]="",Tableau1[[#This Row],[MONTANT]]/1.2,Tableau1[[#This Row],[Coût unit]]*Tableau1[[#This Row],[QU]]) -> 0
C69: Baignoire | E69: =Tableau1[[#This Row],[Coût unit]]*'Coût de revient'!$P$8 -> 0 | F69: =Tableau1[[#This Row],[PRIX UNIT HT]]*Tableau1[[#This Row],[QU]] -> 0 | H69: =IF(Tableau1[[#This Row],[Coût unit]]="",Tableau1[[#This Row],[MONTANT]]/1.2,Tableau1[[#This Row],[Coût unit]]*Tableau1[[#This Row],[QU]]) -> 0
C70: leader 3 175*70 avec pied et siphon | E70: =Tableau1[[#This Row],[Coût unit]]*'Coût de revient'!$P$8 -> 0 | F70: =Tableau1[[#This Row],[PRIX UNIT HT]]*Tableau1[[#This Row],[QU]] -> 0 | H70: =IF(Tableau1[[#This Row],[Coût unit]]="",Tableau1[[#This Row],[MONTANT]]/1.2,Tableau1[[#This Row],[Coût unit]]*Tableau1[[#This Row],[QU]]) -> 0
C71: tablier en pvc assortie | E71: =Tableau1[[#This Row],[Coût unit]]*'Coût de revient'!$P$8 -> 0 | F71: =Tableau1[[#This Row],[PRIX UNIT HT]]*Tableau1[[#This Row],[QU]] -> 0 | H71: =IF(Tableau1[[#This Row],[Coût unit]]="",Tableau1[[#This Row],[MONTANT]]/1.2,Tableau1[[#This Row],[Coût unit]]*Tableau1[[#This Row],[QU]]) -> 0
C72: mitigeur sur baignoire avec colonnette | E72: =Tableau1[[#This Row],[Coût unit]]*'Coût de revient'!$P$8 -> 0 | F72: =Tableau1[[#This Row],[PRIX UNIT HT]]*Tableau1[[#This Row],[QU]] -> 0 | H72: =IF(Tableau1[[#This Row],[Coût unit]]="",Tableau1[[#This Row],[MONTANT]]/1.2,Tableau1[[#This Row],[Coût unit]]*Tableau1[[#This Row],[QU]]) -> 0
C73: joint silicone | E73: =Tableau1[[#This Row],[Coût unit]]*'Coût de revient'!$P$8 -> 0 | F73: =Tableau1[[#This Row],[PRIX UNIT HT]]*Tableau1[[#This Row],[QU]] -> 0 | H73: =IF(Tableau1[[#This Row],[Coût unit]]="",Tableau1[[#This Row],[MONTANT]]/1.2,Tableau1[[#This Row],[Coût unit]]*Tableau1[[#This Row],[QU]]) -> 0
E74: =Tableau1[[#This Row],[Coût unit]]*'Coût de revient'!$P$8 -> 0 | F74: =Tableau1[[#This Row],[PRIX UNIT HT]]*Tableau1[[#This Row],[QU]] -> 0 | H74: =IF(Tableau1[[#This Row],[Coût unit]]="",Tableau1[[#This Row],[MONTANT]]/1.2,Tableau1[[#This Row],[Coût unit]]*Tableau1[[#This Row],[QU]]) -> 0
E75: =Tableau1[[#This Row],[Coût unit]]*'Coût de revient'!$P$8 -> 0 | F75: =Tableau1[[#This Row],[PRIX UNIT HT]]*Tableau1[[#This Row],[QU]] -> 0 | H75: =IF(Tableau1[[#This Row],[Coût unit]]="",Tableau1[[#This Row],[MONTANT]]/1.2,Tableau1[[#This Row],[Coût unit]]*Tableau1[[#This Row],[QU]]) -> 0
B76: 1 | C76: ecoparticipation globale | E76: =Tableau1[[#This Row],[Coût unit]]*'Coût de revient'!$P$8 -> 0 | F76: =Tableau1[[#This Row],[PRIX UNIT HT]]*Tableau1[[#This Row],[QU]] -> 0 | H76: =IF(Tableau1[[#This Row],[Coût unit]]="",Tableau1[[#This Row],[MONTANT]]/1.2,Tableau1[[#This Row],[Coût unit]]*Tableau1[[#This Row],[QU]]) -> 0
E77: =Tableau1[[#This Row],[Coût unit]]*'Coût de revient'!$P$8 -> 0 | F77: =Tableau1[[#This Row],[PRIX UNIT HT]]*Tableau1[[#This Row],[QU]] -> 0 | H77: =IF(Tableau1[[#This Row],[Coût unit]]="",Tableau1[[#This Row],[MONTANT]]/1.2,Tableau1[[#This Row],[Coût unit]]*Tableau1[[#This Row],[QU]]) -> 0
E78: =Tableau1[[#This Row],[Coût unit]]*'Coût de revient'!$P$8 -> 0 | F78: =Tableau1[[#This Row],[PRIX UNIT HT]]*Tableau1[[#This Row],[QU]] -> 0 | H78: =IF(Tableau1[[#This Row],[Coût unit]]="",Tableau1[[#This Row],[MONTANT]]/1.2,Tableau1[[#This Row],[Coût unit]]*Tableau1[[#This Row],[QU]]) -> 0
E79: =Tableau1[[#This Row],[Coût unit]]*'Coût de revient'!$P$8 -> 0 | F79: =Tableau1[[#This Row],[PRIX UNIT HT]]*Tableau1[[#This Row],[QU]] -> 0 | H79: =IF(Tableau1[[#This Row],[Coût unit]]="",Tableau1[[#This Row],[MONTANT]]/1.2,Tableau1[[#This Row],[Coût unit]]*Tableau1[[#This Row],[QU]]) -> 0
C80: Mise en œuvre de l'ensemble | E80: =Tableau1[[#This Row],[Coût unit]]*'Coût de revient'!$P$8 -> 0 | F80: =Tableau1[[#This Row],[PRIX UNIT HT]]*Tableau1[[#This Row],[QU]] -> 0 | H80: =IF(Tableau1[[#This Row],[Coût unit]]="",Tableau1[[#This Row],[MONTANT]]/1.2,Tableau1[[#This Row],[Coût unit]]*Tableau1[[#This Row],[QU]]) -> 0
E81: =Tableau1[[#This Row],[Coût unit]]*'Coût de revient'!$P$8 -> 0 | F81: =Tableau1[[#This Row],[PRIX UNIT HT]]*Tableau1[[#This Row],[QU]] -> 0 | H81: =IF(Tableau1[[#This Row],[Coût unit]]="",Tableau1[[#This Row],[MONTANT]]/1.2,Tableau1[[#This Row],[Coût unit]]*Tableau1[[#This Row],[QU]]) -> 0
B82: 1 | C82: Mise en œuvre et maitrise d ouvrage | E82: =Tableau1[[#This Row],[Coût unit]]*'Coût de revient'!$P$8 -> 0 | F82: =Tableau1[[#This Row],[PRIX UNIT HT]]*Tableau1[[#This Row],[QU]] -> 0 | H82: =IF(Tableau1[[#This Row],[Coût unit]]="",Tableau1[[#This Row],[MONTANT]]/1.2,Tableau1[[#This Row],[Coût unit]]*Tableau1[[#This Row],[QU]]) -> 0 | J82: Nombres heures
E83: =Tableau1[[#This Row],[Coût unit]]*'Coût de revient'!$P$8 -> 0 | F83: =Tableau1[[#This Row],[PRIX UNIT HT]]*Tableau1[[#This Row],[QU]] -> 0 | H83: =IF(Tableau1[[#This Row],[Coût unit]]="",Tableau1[[#This Row],[MONTANT]]/1.2,Tableau1[[#This Row],[Coût unit]]*Tableau1[[#This Row],[QU]]) -> 0
E84: =Tableau1[[#This Row],[Coût unit]]*'Coût de revient'!$P$8 -> 0 | F84: =Tableau1[[#This Row],[PRIX UNIT HT]]*Tableau1[[#This Row],[QU]] -> 0 | H84: =IF(Tableau1[[#This Row],[Coût unit]]="",Tableau1[[#This Row],[MONTANT]]/1.2,Tableau1[[#This Row],[Coût unit]]*Tableau1[[#This Row],[QU]]) -> 0
D85: TOTAL HT | F85: =SUM(Tableau1[MONTANT]) -> 0 | H85: =SUM(Tableau1[Coût total]) -> 0

Sheet Coût de revient
C2: Calcul du prix de revient par chantier celon la méthode 1
B5: Nous appliquerons un Coef sur les achats brut et sur un tarif à l'heure produite | K5: cout M/O | L5: 28.355541 | M5: calculée par prévisionnel 2017
A8: Prix de revient minimal | C8: Main d'œuvre | D8: 44.263 | F8: Coef mini | G8: 1.561 | I8: Prix de revient avec marge | L8: Main d'œuvre | M8: =L5*P8 -> 48.20442 | O8: Coef | P8: 1.7
L12: Chantier Vendu à | M12: ='Lignes de calculs'!F85 -> 0 | N12: HT
I13: participation financière au financement
D18: Sur ce chantier la mise en œuvre est estimée à | E18: ='Lignes de calculs'!I82 -> 0 | F18: Heures | L18: Sur ce chantier la mise en œuvre est estimée à | M18: ='Lignes de calculs'!I82 -> 0 | N18: Heures
D20: Main d'œuvre minimal | E20: =E18*D8 -> 0 | F20: Euros | L20: Main d'œuvre minimal | M20: =M18*M8 -> 0 | N20: Euros
D22: Vente de fourniture minimal | E22: ='Lignes de calculs'!H85*'Coût de revient'!G8 -> 0 | F22: Euros | L22: Déboursé de fourniture | M22: ='Lignes de calculs'!H85*'Coût de revient'!P8 -> 0 | N22: Euros
I24: =IF(I25<0,"PERTE","GAIN") -> GAIN
D25: Total minimal de vente | E25: =E20+E22 -> 0 | F25: Euros | I25: =M12-E25 -> 0 | L25: Total de vente avec marge | M25: =M20+M22 -> 0
H26: SI PFF | I26: =I25-I14 -> 0
D30: Sur ce chantier la mise en œuvre effectuée est de | E30: =M33 -> 0 | F30: Heures | G30: 0 | H30: jours | I30: ='[1]Ligne de décompte réel achat'!C14 -> total achat sanitaire | K30: ='[1]Ligne de décompte réel achat'!H14 -> 0 | M30: Romain | N30: Laurent | O30: William | P30: Leandre
I31: ='[1]Ligne de décompte réel achat'!C24 -> Total achat chauffage | K31: ='[1]Ligne de décompte réel achat'!H24 -> 0 | M31: ='[1]Ligne de décompte réel achat'!N26 -> 0 | N31: ='[1]Ligne de décompte réel achat'!K26 -> 0 | O31: ='[1]Ligne de décompte réel achat'!L26 -> 0 | P31: ='[1]Ligne de décompte réel achat'!M26 -> 0
D32: Main d'œuvre | E32: =E30*D8 -> 0 | F32: Euros | I32: ='[1]Ligne de décompte réel achat'!C33 -> Total achat VMC | K32: ='[1]Ligne de décompte réel achat'!H33 -> 0
I33: ='[1]Ligne de décompte réel achat'!C42 -> Total achat Plomberie | K33: ='[1]Ligne de décompte réel achat'!H42 -> 0 | M33: =SUM(M31:P31) -> 0
D34: Déboursé de fourniture | E34: =K41 -> 0 | F34: Euros
D35: frais fixe | E35: =E34*G8-E34 -> 0
D36: Total | E36: =E34+E35 -> 0
D38: Total cout du chantier | E38: =E36+E32 -> 0 | F38: Euros
D41: Marge brute | E41: =M12-E38 -> 0 | F41: Euros | K41: =SUM(K30:K40) -> 0
